Zazza, neutral female human Tourist ---------------- ------ ----------- --------- |..............| |.....# |.......>.| ---------- |.......| ##...............| #.....|# |.....|...| |........| |.......| # |..............| #|....|# #..........| |........| #-........#### ----|----|------ #------# #----------- |..$!....| ###|.....`.| ^ ########## ## # #### |..f.@...| # ----+---- # # # # ----@-----### # ### # # # m # ################################## # # # # ---------.--########### # # # |..........|# #----|----# ### # |..........|# #|.<.....|# # # ---- |.......^..|# #|.......|# ## # |..| |.[.........# #|.|.....|# -|--------# |..| ------------ #|.......-# |.........# ---- |.......| |........| -|------- ---------- # Zazza the Rambler Experience level: 1 Strength: 12 Dexterity: 10 Constitution: 12 Intelligence: 16 Wisdom: 7 Charisma: 18 Health: 0(10) Energy: 2(2) Def: 2 Gold: 0 Moves: 1722 Dungeon seed: u6-lUtqYU5l3_j2l Game ID: Zazza_1598720324 Your Inventory: Weapons a - 24 +2 darts (in quiver) q - 8 +0 darts Armor e - an uncursed +0 Hawaiian shirt (being worn) r - an uncursed +0 dwarvish iron helm (being worn) Comestibles b - 3 uncursed tripe rations d - 6 uncursed food rations f - 2 uncursed lembas wafers k - an uncursed sprig of wolfsbane Scrolls h - 3 uncursed scrolls of magic mapping t - a cursed scroll of enchant weapon w - an uncursed scroll of teleportation A - an uncursed scroll of identify B - an uncursed scroll of scare monster D - an uncursed scroll of light Spellbooks u - an uncursed spellbook of cure blindness Potions g - 2 uncursed potions of extra healing m - an uncursed potion of sickness v - 2 uncursed potions of water x - a cursed potion of healing E - 2 cursed potions of sleeping F - a potion of unholy water G - an uncursed potion of water I - an uncursed potion of restore ability J - a cursed potion of sickness L - an uncursed potion of full healing O - a blessed potion of see invisible Q - 2 uncursed potions of healing R - a cursed potion of restore ability S - an uncursed potion of blindness T - an uncursed potion of healing U - an uncursed potion of confusion W - an uncursed potion of sleeping Tools i - an expensive camera (0:40) j - an uncursed credit card p - an uncursed tin whistle Gems n - an uncursed worthless piece of orange glass Spells and supernatural/magical abilities: Name Level Category Fail Memory B - cure blindness 2 healing 97% 96% W - pray for help -- divine ? -- Your skills at the end: Fighting Skills Weapon Skills dart [Basic] Spellcasting Skills Final Attributes: You were nominally aligned. You are dead. Vanquished creatures: a large kobold 2 giant rats a yellow mold a gnome zombie a gecko 5 jackals a fox 3 kobolds 6 grid bugs 5 lichens a kobold zombie 4 newts 31 creatures vanquished. Voluntary challenges: You never hit with a wielded weapon. You read items or engraved 5 times, starting on turn 892. You never genocided any monsters. You never polymorphed an object. You never changed form. You used no wishes. You never split a pudding. You never wrote Elbereth's name. You never violated your personal moral code. Dungeon overview: The Dungeons of Doom: levels 1 to 4 Level 1 a long staircase Level 2 a long staircase Level 3 Level 4 <- You were here a potion shop History has recorded: On T:1 you entered the Dungeons of Doom to retrieve the Amulet of Yendor! On T:358 you reached level 2 of The Dungeons of Doom. On T:885 you reached level 3 of The Dungeons of Doom. On T:1271 you reached level 4 of The Dungeons of Doom. Score breakdown: Gold: 0 ( 0 points) Experience: 1 level ( 0 points) Exploration: 4 levels ( 8.33%) ( 7579 points) Discoveries: 2 items ( 0.67%) ( 2457 points) Valuables value: (no points given unless you survive) Artifact value: 0 ( 0 points) Variety of kills: 12 monsters ( 3.15%) ( 5324 points) Turncount: 1722 turns ( 0 points) Survival: died (score multiplied by 80%) Total score: 12288 Latest messages: "Thank you for shopping in Ossipewsk's liquor emporium!" You think there's a mimic there. There's still a monster there. (18x) The dart hits the small mimic. The dart misses the small mimic. The dart hits the small mimic! The small mimic hits! The dart misses the small mimic. The dart hits the small mimic. The dart hits the small mimic. The small mimic hits! You die... Ossipewsk gratefully inherits all your possessions. Final status: Aloha Zazza the Tourist, killed by a small mimic... You died in The Dungeons of Doom on dungeon level 4 with 12288 points, and 0 pieces of gold, after 1722 moves. You were level 1 with a maximum of 10 hit points when you died.